| TOP OF THE 1ST |
|
Bend Bandits batting - Pitching for Tri-City Dust Devils : RHP Jerry King
|
|
Pitching: RHP Jerry King
|
|
|
Batting: RHB Elijah Ben
|
0-0: Foul Ball, location: 2F 0-1: Foul Ball, location: 2F 0-2: Ball 1-2: Ball 2-2: Ball 3-2: Base on Balls
|
|
Batting: RHB Tony Porras
|
0-0: Called Strike 0-1: Ball 1-1: Ball 2-1: Grounds into double play, 4-6-3 (Groundball, 34, EV 101.3 MPH)
|
|
Batting: RHB Jeff Doerr
|
0-0: Ground out 4-3 (Groundball, 4, EV 103.8 MPH)
|
| Top of the 1st over - 0 runs, 0 hits, 0 errors, 0 left on base; Bend 0 - Tri-City 0 |
| BOTTOM OF THE 1ST |
|
Tri-City Dust Devils batting - Pitching for Bend Bandits : RHP Christopher Ray
|
|
Pitching: RHP Christopher Ray
|
|
|
Batting: LHB LaVel Freeman
|
0-0: Called Strike 0-1: DOUBLE (Flyball, 78D, EV 102.5 MPH)
|
|
Batting: LHB Kevin Jones
|
0-0: Called Strike 0-1: Ball 1-1: Called Strike 1-2: Ball 2-2: Ball 3-2: Base on Balls
|
|
Batting: RHB Robert Martinez
|
0-0: Called Strike 0-1: Ball 1-1: Foul Ball, location: 2F 1-2: Ball 2-2: Ball 3-2: SINGLE (Line Drive, 34D, EV 94.4 MPH) LaVel Freeman to third Kevin Jones to second Runner from 3rd tries for Home, SAFE, throw by RF to home
|
|
Batting: RHB Desmond Brooks
|
0-0: Ball 1-0: Ball 2-0: DOUBLE (Flyball, 89D, EV 102.5 MPH) Kevin Jones scores Robert Martinez to third
|
|
Batting: LHB Rafael Codinach
|
0-0: Called Strike 0-1: Ball 1-1: Ball 2-1: Ball 3-1: Called Strike 3-2: Base on Balls
|
|
Batting: LHB Daraka Shaheed
|
0-0: Foul Ball, location: 2F 0-1: Called Strike 0-2: Ball 1-2: Foul Ball, location: 2F 1-2: Ball 2-2: Ball 3-2: SINGLE (Groundball, 4MD, EV 105.0 MPH) Robert Martinez scores Desmond Brooks to third Rafael Codinach to second
|
|
Batting: RHB Dennis Glynn
|
0-0: Ball 1-0: Foul Ball, location: 2F 1-1: Ball 2-1: SINGLE (Groundball, 34D, EV 95.6 MPH) Desmond Brooks scores Rafael Codinach to third Daraka Shaheed to second Runner from 3rd tries for Home, throw by RF and OUT! 9-2 Daraka Shaheed to third Dennis Glynn to second
|
|
Batting: RHB Gereld McDermott
|
0-0: Called Strike 0-1: Ball 1-1: Ball 2-1: Foul Ball, location: 2F 2-2: Foul Ball, location: 2F 2-2: Reached on error, E4 (Groundball, 4M, EV 83.1 MPH) Daraka Shaheed scores Dennis Glynn scores
|
|
Batting: RHB Jeff DeWillis
|
0-0: Called Strike 0-1: Foul Ball, location: 2F 0-2: Ball 1-2: Ball 2-2: Ball 3-2: Base on Balls
|
|
Batting: LHB LaVel Freeman
|
0-0: Ball 1-0: Foul Ball, location: 2F 1-1: Ball 2-1: Ball 3-1: Base on Balls Gereld McDermott to third Jeff DeWillis to second
|
|
Batting: LHB Kevin Jones
|
0-0: Called Strike 0-1: Fly out, F4 (Line Drive, 4, EV 69.4 MPH)
|
|
Batting: RHB Robert Martinez
|
0-0: Ball Wild Pitch! Gereld McDermott scores Jeff DeWillis to third LaVel Freeman to second 1-0: Ball 2-0: Foul Ball, location: 2F 2-1: Ground out 6-3 (Groundball, 4MS, EV 69.4 MPH)
|
| Bottom of the 1st over - 7 runs, 5 hits, 1 error, 2 left on base; Bend 0 - Tri-City 7 |
| TOP OF THE 2ND |
|
Bend Bandits batting - Pitching for Tri-City Dust Devils : RHP Jerry King
|
|
Batting: LHB Bill Kuchar
|
0-0: Ball 1-0: Called Strike 1-1: Ball 2-1: Swinging Strike 2-2: Strikes out swinging
|
|
Batting: LHB Jerome Coleman
|
0-0: Ball 1-0: Ball 2-0: Called Strike 2-1: Called Strike 2-2: Ball 3-2: Fly out, F3 (Popup, 3SF, EV 68.8 MPH)
|
|
Batting: RHB Mark Frishman
|
0-0: Ball 1-0: Ball 2-0: Fly out, F4 (Popup, 3S, EV 85.6 MPH)
|
| Top of the 2nd over - 0 runs, 0 hits, 0 errors, 0 left on base; Bend 0 - Tri-City 7 |
| BOTTOM OF THE 2ND |
|
Tri-City Dust Devils batting - Pitching for Bend Bandits : RHP Christopher Ray
|
|
Batting: RHB Desmond Brooks
|
0-0: Ground out 6-3 (Groundball, 6, EV 106.3 MPH)
|
|
Batting: LHB Rafael Codinach
|
0-0: Ball 1-0: Foul Ball, location: 2F 1-1: Foul Ball, location: 2F 1-2: Ground out 6-3 (Groundball, 6, EV 90.0 MPH)
|
|
Batting: LHB Daraka Shaheed
|
0-0: Ball 1-0: Foul Ball, location: 2F 1-1: Ball 2-1: Foul Ball, location: 2F 2-2: Foul Ball, location: 2F 2-2: Foul Ball, location: 2F 2-2: Ball 3-2: Base on Balls
|
|
Batting: RHB Dennis Glynn
|
0-0: TRIPLE (Flyball, 78XD, EV 100.6 MPH) Daraka Shaheed scores
|
|
Pitching: LHP Mark Roberts
|
|
|
Batting: RHB Gereld McDermott
|
0-0: Ball 1-0: Ball 2-0: Fly out, F4 (Flyball, 34D, EV 86.3 MPH)
|
| Bottom of the 2nd over - 1 run, 1 hit, 0 errors, 1 left on base; Bend 0 - Tri-City 8 |
| TOP OF THE 3RD |
|
Bend Bandits batting - Pitching for Tri-City Dust Devils : RHP Jerry King
|
|
Batting: RHB Trajano Estrela
|
0-0: Foul Ball, location: 2F 0-1: Ball 1-1: Ground out U3 (Groundball, 13, EV 78.8 MPH)
|
|
Batting: RHB Ronald Harper
|
0-0: Called Strike 0-1: Ball 1-1: Called Strike 1-2: SINGLE (Groundball, 4M, EV 103.1 MPH) (infield hit)
|
|
Batting: RHB Jeffrey Ulrich
|
0-0: Ball Ronald Harper steals 2nd base 1-0: Foul Ball, location: 2F 1-1: Foul Ball, location: 2F 1-2: Ground out 4-3 (Groundball, 4, EV 102.5 MPH) Ronald Harper to third
|
|
Batting: RHB Elijah Ben
|
0-0: Ball 1-0: Called Strike 1-1: Foul Ball, location: 2F 1-2: Fly out, F6 (Popup, 6D, EV 61.9 MPH)
|
| Top of the 3rd over - 0 runs, 1 hit, 0 errors, 1 left on base; Bend 0 - Tri-City 8 |
| BOTTOM OF THE 3RD |
|
Tri-City Dust Devils batting - Pitching for Bend Bandits : LHP Mark Roberts
|
|
Batting: RHB Jeff DeWillis
|
0-0: Ball 1-0: Foul Ball, location: 2F 1-1: Fly out, F3 (Popup, 3SF, EV 66.3 MPH)
|
|
Batting: LHB LaVel Freeman
|
0-0: Ball 1-0: Ball 2-0: Ball 3-0: Base on Balls
|
|
Batting: LHB Kevin Jones
|
0-0: Ball 1-0: Ball 2-0: Ball 3-0: Called Strike 3-1: Base on Balls LaVel Freeman to second
|
|
Batting: RHB Robert Martinez
|
0-0: Called Strike 0-1: Swinging Strike 0-2: Fly out, F6 (Popup, 6, EV 56.9 MPH)
|
|
Batting: RHB Desmond Brooks
|
0-0: Called Strike 0-1: SINGLE (Groundball, 6MD, EV 95.6 MPH) LaVel Freeman to third Kevin Jones to second Runner from 3rd tries for Home, throw by CF and OUT! 8-2
|
| Bottom of the 3rd over - 0 runs, 1 hit, 0 errors, 2 left on base; Bend 0 - Tri-City 8 |
| TOP OF THE 4TH |
|
Bend Bandits batting - Pitching for Tri-City Dust Devils : RHP Jerry King
|
|
Batting: RHB Tony Porras
|
0-0: Ball 1-0: Called Strike 1-1: Ground out 4-3 (Groundball, 4, EV 90.0 MPH)
|
|
Batting: RHB Jeff Doerr
|
0-0: Foul Ball, location: 2F 0-1: Ground out 5-3 (Groundball, 56, EV 81.3 MPH)
|
|
Batting: LHB Bill Kuchar
|
0-0: Ball 1-0: Foul Ball, location: 2F 1-1: Ball 2-1: Foul Ball, location: 2F 2-2: Ball 3-2: Base on Balls
|
|
Batting: LHB Jerome Coleman
|
0-0: Called Strike 0-1: Foul Ball, location: 2F 0-2: Ball 1-2: Ball 2-2: Ball 3-2: Fly out, F7 (Flyball, 7S, EV 86.3 MPH)
|
| Top of the 4th over - 0 runs, 0 hits, 0 errors, 1 left on base; Bend 0 - Tri-City 8 |
| BOTTOM OF THE 4TH |
|
Tri-City Dust Devils batting - Pitching for Bend Bandits : LHP Mark Roberts
|
|
Pitching: RHP Dale Drew
|
|
|
Batting: LHB Rafael Codinach
|
0-0: Ball 1-0: Called Strike 1-1: Ball 2-1: Ball 3-1: Swinging Strike 3-2: Foul Ball, location: 2F 3-2: Base on Balls
|
|
Batting: LHB Daraka Shaheed
|
0-0: Ball 1-0: Swinging Strike 1-1: Ball 2-1: Ball 3-1: Base on Balls Rafael Codinach to second
|
|
Batting: RHB Dennis Glynn
|
0-0: SINGLE (Groundball, 6D, EV 101.3 MPH) Rafael Codinach to third Daraka Shaheed to second Runner from 3rd tries for Home, SAFE, throw by CF to home
|
|
Batting: RHB Gereld McDermott
|
0-0: Ball 1-0: Ball 2-0: Fly out, F4 (Popup, 3DF, EV 48.1 MPH)
|
|
Batting: RHB Jeff DeWillis
|
0-0: Foul Ball, location: 2F 0-1: Grounds into double play, 1-6-3 (Groundball, 13S, EV 68.1 MPH)
|
| Bottom of the 4th over - 1 run, 1 hit, 0 errors, 1 left on base; Bend 0 - Tri-City 9 |
| TOP OF THE 5TH |
|
Bend Bandits batting - Pitching for Tri-City Dust Devils : RHP Jerry King
|
|
Batting: RHB Mark Frishman
|
0-0: Foul Ball, location: 2F 0-1: Ball 1-1: Ball 2-1: Ball 3-1: Foul Ball, location: 2F 3-2: Fly out, F9 (Flyball, 9, EV 88.8 MPH)
|
|
Batting: RHB Trajano Estrela
|
0-0: Ball 1-0: Swinging Strike 1-1: Ground out 6-3 (Groundball, 56, EV 85.0 MPH)
|
|
Batting: RHB Ronald Harper
|
0-0: Called Strike 0-1: Ball 1-1: Ball 2-1: DOUBLE (Line Drive, 78D, EV 102.5 MPH)
|
|
Batting: RHB Jeffrey Ulrich
|
0-0: Ball 1-0: Ball 2-0: Ball 3-0: Called Strike 3-1: SINGLE (Groundball, 56D, EV 107.5 MPH) Ronald Harper to third Runner from 3rd tries for Home, SAFE, throw by LF to home Jeffrey Ulrich to second
|
|
Batting: RHB Elijah Ben
|
0-0: Called Strike 0-1: Ball 1-1: Fly out, F4 (Popup, 23, EV 85.6 MPH)
|
| Top of the 5th over - 1 run, 2 hits, 0 errors, 1 left on base; Bend 1 - Tri-City 9 |
| BOTTOM OF THE 5TH |
|
Tri-City Dust Devils batting - Pitching for Bend Bandits : RHP Dale Drew
|
|
Batting: LHB LaVel Freeman
|
0-0: Ball 1-0: Ball 2-0: Single, Error in OF, E9, batter to second base (Line Drive, 34, EV 101.9 MPH)
|
|
Batting: LHB Kevin Jones
|
0-0: Called Strike 0-1: Swinging Strike 0-2: Ball 1-2: Ball 2-2: Ball 3-2: Base on Balls
|
|
Batting: RHB Robert Martinez
|
0-0: Ball 1-0: Swinging Strike 1-1: Foul Ball, location: 2F 1-2: Ball 2-2: Foul Ball, location: 2F 2-2: SINGLE (Groundball, 56S, EV 62.5 MPH) (infield hit) LaVel Freeman to third Kevin Jones to second
|
|
Batting: RHB Desmond Brooks
|
0-0: Foul Ball, location: 2F 0-1: Ball 1-1: Foul Ball, location: 2F 1-2: Ball Wild Pitch! LaVel Freeman scores Kevin Jones to third Robert Martinez to second 2-2: Strikes out swinging
|
|
Batting: LHB Rafael Codinach
|
0-0: SINGLE (Groundball, 6D, EV 106.9 MPH) Kevin Jones scores Robert Martinez to third Runner from 3rd tries for Home, SAFE, throw by CF to home
|
|
Pitching: RHP Phil Smith
|
|
|
Batting: LHB Daraka Shaheed
|
0-0: Called Strike 0-1: Fielders Choice at 2nd, 4-6 (Groundball, 4, EV 95.0 MPH)
|
|
Batting: RHB Dennis Glynn
|
0-0: Called Strike 0-1: Called Strike 0-2: Strikes out swinging
|
| Bottom of the 5th over - 3 runs, 3 hits, 1 error, 1 left on base; Bend 1 - Tri-City 12 |
| TOP OF THE 6TH |
|
Bend Bandits batting - Pitching for Tri-City Dust Devils : RHP Jerry King
|
|
Batting: RHB Tony Porras
|
0-0: Foul Ball, location: 2F 0-1: Ball 1-1: Called Strike 1-2: Strikes out swinging
|
|
Batting: RHB Jeff Doerr
|
0-0: Called Strike 0-1: Ball 1-1: Swinging Strike 1-2: Foul Ball, location: 2F 1-2: Ball 2-2: Ball 3-2: Base on Balls
|
|
Batting: LHB Bill Kuchar
|
0-0: Called Strike 0-1: Foul Ball, location: 2F 0-2: Ball 1-2: Ball 2-2: Ball 3-2: DOUBLE (Line Drive, 9LM, EV 110.6 MPH) Jeff Doerr to third
|
|
Batting: LHB Jerome Coleman
|
0-0: Swinging Strike 0-1: Foul Ball, location: 2F 0-2: Foul Ball, location: 2F 0-2: Ball 1-2: Ball 2-2: SINGLE (Groundball, 6M, EV 99.4 MPH) (infield hit) Jeff Doerr scores Bill Kuchar to third
|
|
Batting: RHB Mark Frishman
|
0-0: Ball 1-0: Ball 2-0: Fielders Choice at 2nd, 1-4 (Groundball, 15S, EV 65.0 MPH)
|
|
Batting: RHB Trajano Estrela
|
0-0: Swinging Strike 0-1: Hit by Pitch Mark Frishman to second
|
|
Batting: RHB Ronald Harper
|
0-0: Called Strike 0-1: Swinging Strike 0-2: Ball 1-2: Ball 2-2: Foul Ball, location: 2F 2-2: Foul Ball, location: 2F 2-2: Ball 3-2: Foul Ball, location: 2F 3-2: Foul Ball, location: 2F 3-2: Ground out 6-3 (Groundball, 6, EV 83.8 MPH)
|
| Top of the 6th over - 1 run, 2 hits, 0 errors, 3 left on base; Bend 2 - Tri-City 12 |
| BOTTOM OF THE 6TH |
|
Tri-City Dust Devils batting - Pitching for Bend Bandits : RHP Phil Smith
|
|
Batting: RHB Gereld McDermott
|
0-0: Ball 1-0: Called Strike 1-1: Ball 2-1: Ground out 4-3 (Groundball, 34, EV 82.5 MPH)
|
|
Batting: RHB Jeff DeWillis
|
0-0: Ball 1-0: Called Strike 1-1: Swinging Strike 1-2: Ground out 5-3 (Groundball, 5S, EV 70.0 MPH)
|
|
Batting: LHB LaVel Freeman
|
0-0: Ball 1-0: SINGLE (Flyball, 6D, EV 86.3 MPH)
|
|
Batting: LHB Kevin Jones
|
0-0: Ball 1-0: Ball 2-0: Foul Ball, location: 2F 2-1: Fielders Choice at 2nd, 6-4 (Groundball, 6, EV 105.6 MPH)
|
| Bottom of the 6th over - 0 runs, 1 hit, 0 errors, 1 left on base; Bend 2 - Tri-City 12 |
| TOP OF THE 7TH |
|
Bend Bandits batting - Pitching for Tri-City Dust Devils : RHP Jerry King
|
|
Batting: RHB Jeffrey Ulrich
|
0-0: SINGLE (Groundball, 5D, EV 106.3 MPH)
|
|
Batting: RHB Elijah Ben
|
0-0: Foul Ball, location: 2F 0-1: Ball 1-1: Ball 2-1: 2-RUN HOME RUN (Flyball, 9LD, EV 103.8 MPH), Distance : 363 ft
|
|
Batting: RHB Tony Porras
|
0-0: Hit by Pitch
|
|
Batting: RHB Jeff Doerr
|
0-0: Ball 1-0: Foul Ball, location: 2F 1-1: Foul Ball, location: 2F 1-2: Ball 2-2: Ball 3-2: Base on Balls Tony Porras to second
|
|
Pinch Hitting: LHB Michael Vaughn
|
0-0: SINGLE (Line Drive, 9S, EV 113.1 MPH) Tony Porras to third Jeff Doerr to second
|
|
Batting: LHB Jerome Coleman
|
0-0: Called Strike 0-1: Ball 1-1: Ball 2-1: Fielders Choice at 2nd, 3-6 (Groundball, 34, EV 88.8 MPH) Tony Porras scores Jeff Doerr to third
|
|
Pitching: LHP Fred Warner
|
|
|
Batting: RHB Mark Frishman
|
0-0: Called Strike Jerome Coleman steals 2nd base 0-1: Foul Ball, location: 2F 0-2: Foul Ball, location: 2F 0-2: Ground out 6-3 (Groundball, 6, EV 98.8 MPH) Jeff Doerr scores
|
|
Batting: RHB Trajano Estrela
|
0-0: Ball 1-0: Ball 2-0: Fly out, F9 (Flyball, 9D, EV 88.1 MPH)
|
| Top of the 7th over - 4 runs, 3 hits, 0 errors, 1 left on base; Bend 6 - Tri-City 12 |
| BOTTOM OF THE 7TH |
|
Tri-City Dust Devils batting - Pitching for Bend Bandits : RHP Phil Smith
|
|
Now at 1B: Michael Vaughn
|
|
|
Batting: RHB Robert Martinez
|
0-0: Ground out 6-3 (Groundball, 56, EV 108.8 MPH)
|
|
Batting: RHB Desmond Brooks
|
0-0: Ball 1-0: Ball 2-0: Fly out, F8 (Flyball, 89D, EV 94.4 MPH)
|
|
Batting: LHB Rafael Codinach
|
0-0: Called Strike 0-1: SOLO HOME RUN (Flyball, 7D, EV 94.4 MPH), Distance : 378 ft
|
|
Batting: LHB Daraka Shaheed
|
0-0: Ball 1-0: Ball 2-0: Foul Ball, location: 2F 2-1: Foul Ball, location: 2F 2-2: Foul Ball, location: 2F 2-2: Foul Ball, location: 2F 2-2: Fly out, F5 (Popup, 5S, EV 85.0 MPH)
|
| Bottom of the 7th over - 1 run, 1 hit, 0 errors, 0 left on base; Bend 6 - Tri-City 13 |
| TOP OF THE 8TH |
|
Bend Bandits batting - Pitching for Tri-City Dust Devils : LHP Fred Warner
|
|
Batting: RHB Ronald Harper
|
0-0: Fly out, F8 (Flyball, 8RD, EV 103.8 MPH)
|
|
Batting: RHB Jeffrey Ulrich
|
0-0: Swinging Strike 0-1: Ball 1-1: Ball 2-1: Ground out 4-3 (Groundball, 4, EV 84.4 MPH)
|
|
Batting: RHB Elijah Ben
|
0-0: Ball 1-0: Ball 2-0: Ball 3-0: Base on Balls
|
|
Batting: RHB Tony Porras
|
0-0: Ball 1-0: Ball 2-0: Ball 3-0: Called Strike 3-1: Foul Ball, location: 2F 3-2: Base on Balls Elijah Ben to second
|
|
Batting: RHB Jeff Doerr
|
0-0: Foul Ball, location: 2F 0-1: Ball 1-1: Foul Ball, location: 2F 1-2: Ball 2-2: SINGLE (Line Drive, 8RS, EV 98.1 MPH) Elijah Ben to third Tony Porras to second Runner from 3rd tries for Home, throw by CF and OUT! 8-2
|
| Top of the 8th over - 0 runs, 1 hit, 0 errors, 2 left on base; Bend 6 - Tri-City 13 |
| BOTTOM OF THE 8TH |
|
Tri-City Dust Devils batting - Pitching for Bend Bandits : RHP Phil Smith
|
|
Batting: RHB Dennis Glynn
|
0-0: Called Strike 0-1: Ball 1-1: Ground out 5-3 (Groundball, 15, EV 83.8 MPH)
|
|
Batting: RHB Gereld McDermott
|
0-0: Ball 1-0: Foul Ball, location: 2F 1-1: Ball 2-1: Ball 3-1: Called Strike 3-2: Fly out, F8 (Flyball, 8RXD, EV 106.9 MPH)
|
|
Batting: RHB Jeff DeWillis
|
0-0: Called Strike 0-1: Called Strike 0-2: Ball 1-2: Foul Ball, location: 2F 1-2: Fly out, F3 (Popup, 23F, EV 88.1 MPH)
|
| Bottom of the 8th over - 0 runs, 0 hits, 0 errors, 0 left on base; Bend 6 - Tri-City 13 |
| TOP OF THE 9TH |
|
Bend Bandits batting - Pitching for Tri-City Dust Devils : LHP Fred Warner
|
|
Pinch Hitting: LHB James Celidonia
|
0-0: Ball 1-0: Called Strike 1-1: Fly out, F8 (Flyball, 8LS, EV 71.3 MPH)
|
|
Batting: LHB Jerome Coleman
|
0-0: Ground out 4-3 (Groundball, 4, EV 87.5 MPH)
|
|
Batting: RHB Mark Frishman
|
0-0: Called Strike 0-1: Ball 1-1: Ball 2-1: Fly out, F8 (Flyball, 8RM, EV 83.8 MPH)
|
| Top of the 9th over - 0 runs, 0 hits, 0 errors, 0 left on base; Bend 6 - Tri-City 13 |
|